 Dungeon Crawl Stone Soup version 0.28.0-53-g5a82cb258f (webtiles) character file.

Game seed: 9477917294706696742

65 Sin92 the Skirmisher (level 3, 0/15 (29) HPs)
             Began as a Demonspawn Fighter on Aug 5, 2022.
             Frozen to death by an endoplasm (2 damage)
             ... on level 3 of the Dungeon.
             The game lasted 00:01:39 (2067 turns).

Sin92 the Skirmisher (Demonspawn Fighter)           Turns: 2067, Time: 00:01:39

HP:   0/15 (29)     AC:  9    Str: 18    XL:     3   Next: 94%
MP:   3/3           EV:  5    Int:  9    God:
Gold: 99            SH:  8    Dex: 12    Spells: 2/2 levels left

rFire   . . .      SeeInvis .   a - +0 long sword
rCold   . . .      Faith    .   e - +0 kite shield
rNeg    . . .      Spirit   .   f - +0 chain mail
rPois   .          Reflect  .   (helmet restricted)
rElec   .          Harm     .   (no cloak)
rCorr   .          Rampage  .   (no gloves)
Will    .....                   (no boots)
Stlth   ..........              (no amulet)
HPRegen 0.05/turn               (no ring)
MPRegen 0.08/turn               (no ring)

@: very heavily drained
A: horns 1, powered by death 1
a: no special abilities


You were on level 3 of the Dungeon.
You visited 1 branch of the dungeon, and saw 3 of its levels.

You collected 99 gold pieces.

Inventory:

Hand Weapons
 a - a +0 long sword (weapon)
 g - a +2 spear of flaming
Armour
 b - a +0 scale mail
 c - a +0 buckler
 e - a +0 kite shield (worn)
 f - a +0 chain mail (worn)
Scrolls
 h - 2 scrolls of identify {unknown}
 i - a scroll of acquirement {unknown}
 k - 2 scrolls of enchant armour {unknown}
Potions
 d - a potion of might
 j - a potion of brilliance {unknown}
 l - a potion of cancellation {unknown}


   Skills:
 + Level 3.4 Fighting
 + Level 2.3 Long Blades
 + Level 3.1 Armour
 + Level 1.1 Dodging
 + Level 3.1 Shields


You had 2 spell levels left.
You didn't know any spells.
Your spell library was empty.

Dungeon Overview and Level Annotations

Branches:
Dungeon (3/15)

Altars:

Shops:
D:2 *


Innate Abilities, Weirdness & Mutations

You have a pair of small horns on your head.
You regenerate a little health from kills.


Message History

The endoplasm quivers. x2
Found a ring mail and 22 stones.
There is a stone staircase leading up here.
An orc comes into view. It is wielding a +0 mace.
The orc shouts!
An orc comes into view. It is wielding a +0 mace.
You block the orc's attack.
The orc shouts!
You hit the orc. You headbutt the orc.
You kill the orc!
You hear a shout!
An orc comes into view. It is wielding a +0 flail.
Unknown command.
You barely miss the endoplasm. Your headbutt misses the endoplasm.
You block the endoplasm's attack.
The endoplasm hits you but does no damage.
Unknown command.
You barely miss the orc. You block the endoplasm's attack.
The orc barely misses you.
The endoplasm hits you but does no damage.
The endoplasm freezes you.
You are frozen.
The orc barely misses you.
Unknown command.
You hit the orc.
The orc is heavily wounded.
The endoplasm completely misses you. The endoplasm freezes you.
You are frozen.
The orc barely misses you.
Unknown command.
You closely miss the orc. You headbutt the orc.
The orc is severely wounded.
The endoplasm freezes you.
You are frozen.
You block the endoplasm's attack. The orc hits you with a +0 mace.
* * * LOW HITPOINT WARNING * * *
You block the orc's attack.
The endoplasm hits you but does no damage.
The endoplasm freezes you.
You are frozen.
You die...

#... #.... #....
## #.... .#
#....###.# .
##......#.## #..
##.......)..#....
#.........o......
#........@oo.....
#......<.JJ......
#................
.................
##........##.....
#.......... .....
............ ....
....[............
............(.


You could see 3 orcs and 2 endoplasms.

Vanquished Creatures
  An adder (D:2)
  A worm (D:2)
  3 dart slugs
  An orc (D:3)
  7 endoplasms
  2 giant cockroaches (D:2)
  3 goblins
  3 hobgoblins (D:1)
  9 kobolds
  2 quokkas
  5 ball pythons
  3 frilled lizards (D:1)
  3 rats
  A spectral hobgoblin (D:2)
44 creatures vanquished.

Notes
Turn   | Place    | Note
-------+----------+-------------------------------------------
     0 | D:1      | Sin92 the Demonspawn Fighter began the quest for the Orb.
     0 | D:1      | Reached XP level 1. HP: 18/18 MP: 1/1
   436 | D:1      | Gained mutation: You regenerate a little health from kills.
                  | [demonic ancestry]
   436 | D:1      | Reached XP level 2. HP: 24/24 MP: 2/2
  1303 | D:2      | Gained mutation: You have a pair of small horns on your
                  | head. [demonic ancestry]
  1303 | D:2      | Reached XP level 3. HP: 23/29 MP: 3/3
  1368 | D:2      | Found a faded altar of an unknown god.
  1412 | D:2      | Reached skill level 1 in Dodging
  1629 | D:2      | Found Gyshuf's General Store.
  2067 | D:3      | Frozen to death by an endoplasm

Illustrated notes

Levels and vault maps discovered:
D:1:      dpeg_arrival_tiny_c, layout_basic, minmay_misc_feat_diagonals,
          moated_statue, hangedman_glass_teeth
D:2:      layout_basic, serial_shops, shop,
          dreamdust_ecumenical_altar_drowned_temple, minmay_goblin_kobold_house
D:3:      layout_rooms, gammafunk_ghost_grave

Skill      XL: |  1  2  3 |
---------------+----------+-----
Long Blades    | 2 |  2.3
Shields        | 3 |  3.1
Armour         | 3 |  3.1
Dodging        | 1 |  1.1
Fighting       | |  3.4

Action                   || total
-------------------------++-------
Melee: Long sword        ||   122
       Headbutt          ||     4
Armor: Scale mail        ||    26
       Chain mail        ||    43
Dodge: Dodged            ||    41
Block: Buckler           ||    10
       Kite shield       ||    38
